 Dungeon Crawl Stone Soup version 0.19-b1-3-g7dea586 (webtiles) character file.

55 truemonolith the Cudgeler (level 3, -1/21 HPs)
             Began as a Gargoyle Gladiator on Oct 28, 2016.
             Slain by a gnoll
             ... wielding a +0 whip
              (7 damage)
             ... on level 2 of the Dungeon.
             The game lasted 00:03:35 (1143 turns).

truemonolith the Cudgeler (Gargoyle Gladiator)      Turns: 1143, Time: 00:03:35

Health: -1/21      AC:  8    Str: 18    XL:     3   Next: 93%
Magic:  3/3        EV: 12    Int:  8    God:
Gold:   51         SH:  0    Dex: 11    Spells: 0 memorised, 2 levels left

rFire  . . .     SeeInvis .     a - +0 flail
rCold  . . .     Gourm    .     b - +0 leather armour
rNeg   + . .     Faith    .     (no shield)
rPois  ∞         Spirit   .     q - +0 helmet
rElec  +         Reflect  .     (no cloak)
rCorr  .         Harm     .     n - +0 pair of gloves
MR     .....                    (no boots)
Stlth  +.........               (no amulet)
                                (no ring)
                                (no ring)

@: no status effects
A: negative energy resistance 1, electricity resistance, unbreathing,
petrification resistance, rot immunity, AC +3
a: no special abilities


You were on level 2 of the Dungeon.
You were not hungry.

You visited 1 branch of the dungeon, and saw 2 of its levels.

You collected 51 gold pieces.

Inventory:

Hand Weapons
 a - a +0 flail (weapon)
 k - a +2 mace of holy wrath
Missiles
 d - 4 throwing nets (quivered)
Armour
 b - a +0 leather armour (worn)
 c - a +0 helmet
 n - a +0 pair of gloves (worn)
 q - a +0 helmet (worn)
Scrolls
 e - a scroll of amnesia {unknown}
 h - a scroll of enchant armour {unknown}
 l - a scroll of immolation {unknown}
 m - a scroll of enchant weapon {unknown}
 o - 3 scrolls of identify {unknown}
 p - a scroll of fog {unknown}
 r - a scroll of remove curse {unknown}
 s - a scroll of noise {unknown}
 t - a scroll of teleportation {unknown}
Potions
 i - a potion of lignification {unknown}
 j - 2 potions of curing {unknown}
Comestibles
 g - 2 meat rations


   Skills:
 - Level 2.1 Fighting
 + Level 4.7 Maces & Flails
 - Level 1.7 Throwing
 - Level 2.4 Dodging


You had 2 spell levels left.
You didn't know any spells.

Dungeon Overview and Level Annotations

Branches:
Dungeon (2/15)

Altars:


Innate Abilities, Weirdness & Mutations

You are resistant to torment.
Your stone body is resilient. (AC +3)
You are immune to poison.
You resist negative energy. (rN+)
You are resistant to electric shocks. (rElec)
You can survive without breathing.
You are immune to petrification.
You are immune to rotting.


Message History

The gnoll shouts! x2
Found a scroll labeled NOMNOU TIKKIFF.
There are monsters nearby!
The gnoll barely misses you.
You closely miss the gnoll. The gnoll hits you with a spear.
The gnoll shouts!
You thump the gnoll!
The gnoll is severely wounded.
The gnoll hits you with a spear. x2
You closely miss the gnoll.
The gnoll is severely wounded.
The gnoll closely misses you.
You hit the gnoll.
You kill the gnoll!
You closely miss the gnoll. The gnoll hits you with a whip.
You completely miss the gnoll.
The gnoll hits you from afar with a halberd!
* * * LOW HITPOINT WARNING * * *
The gnoll hits you with a whip!
You die...

#...#....##..#####
###.#.......<..#
#...#.......#.##
#.###.#####.#..(
#.# #.. ###.#.#.#
####.# ##.
..#...#.# #....#
.....#### #
#.#########...#
#.#.....@ggg.[#
#.#.#######...#
#...# ...# #####
...# .g.# ..g#
?..# ..g#


You could see 3 gnolls.

Vanquished Creatures
  2 adders
  A gnoll (D:2)
  A worm (D:2)
  A dart slug (D:2)
  3 giant cockroaches
  2 goblins (D:1)
  6 hobgoblins
  A bat (D:1)
  A frilled lizard (D:1)
  3 kobolds
  4 rats (D:1)
25 creatures vanquished.

Notes
Turn   | Place    | Note
-------+----------+-------------------------------------------
     0 | D:1      | truemonolith the Gargoyle Gladiator began the quest for the Orb.
     0 | D:1      | Reached XP level 1. HP: 12/12 MP: 1/1
   238 | D:1      | Reached XP level 2. HP: 13/17 MP: 2/2
   641 | D:1      | Reached skill level 4 in Maces & Flails
   649 | D:1      | Reached XP level 3. HP: 17/21 MP: 3/3
  1143 | D:2      | Slain by a gnoll

Skill      XL: |  1  2 |
---------------+-------+-----
Maces & Flails | 4 |  4.7
Fighting       | |  2.1
Throwing       | |  1.7
Dodging        | |  2.4

Action                   || total
-------------------------++-------
Melee: Flail             ||   111
  Eat: Bread ration      ||     1
Armor: Leather armour    ||    51
Dodge: Dodged            ||    92
